Map: Ephemeron LE

Players

Ratl

  • Race: Protoss Protoss
  • League: Bronze
  • Spawn Location: 11:00

alberttttttt

  • Race: Zerg Zerg
  • League: Gold
  • Spawn Location: 5:00

VOD

Have the link to the VOD?

Description

Time

  • Played on: Jan. 7, 2020, 3:24 p.m.
  • Length: 5:16
Show
View Real Time Build Order
Export as new Build Order

Ratl Protoss 

Build Orders: Double Forge 

Get SALT Encoding   

  12  0:03  Probe  
  13  0:15  Probe  
  14  0:28  Pylon  
  14  0:33  Probe  
  15  0:46  Probe  
  16  0:50  Gateway  
  16  0:58  Probe (Chrono Boost)  
  16  1:00  Assimilator  
  17  1:09  Probe (Chrono Boost)  
  18  1:12  Gateway  
  18  1:21  Probe  
  18  1:23  Assimilator  
  19  1:33  Probe  
  20  1:45  Probe  
  21  1:54  Cybernetics Core  
  21  1:58  Nexus  
  21  2:06  Probe  
  21  2:19  Probe  
  22  2:31  Probe  
  23  2:44  Pylon  
  23  2:46  Warp Gate  
  23  2:48  Pylon  
  23  3:02  Probe, Stalker x2  
  28  3:15  Probe, Pylon  
  29  3:22  Forge  
  29  3:24  Forge  
  29  3:28  Probe (Chrono Boost)  
  29  3:34  Probe (Chrono Boost)  
  31  3:38  Probe (Chrono Boost)  
  33  3:42  Probe (Chrono Boost)  
  33  3:43  Stalker  
  33  3:44  Stalker  
  37  4:38  Stalker x2  
Show
View Real Time Build Order
Export as new Build Order

alberttttttt Zerg 

Build Orders: Hatch First 

Get SALT Encoding   

  12  0:04  Drone  
  13  0:15  Overlord  
  13  0:23  Drone  
  14  0:35  Drone  
  15  0:36  Drone  
  16  0:45  Drone  
  17  0:57  Hatchery  
  16  1:11  Spawning Pool  
  15  1:14  Drone  
  16  1:18  Extractor  
  16  1:20  Drone  
  16  1:35  Drone x2  
  16  1:37  Drone  
  19  1:48  Drone  
  20  1:54  Extractor  
  20  1:57  Queen  
  21  2:04  Roach Warren  
  21  2:06  Drone  
  21  2:10  Overlord  
  21  2:21  Queen  
  23  2:27  Drone  
  24  2:40  Drone  
  25  2:45  Roach x2  
  25  2:46  Roach  
  31  2:58  Drone  
  32  3:01  Roach  
  34  3:06  Roach  
  36  3:14  Evolution Chamber  
  36  3:16  Drone  
  36  3:29  Overlord x2  
  36  3:41  Overlord  
  36  3:58  Roach  
  36  3:59  Roach x3  
  44  4:10  Ravager x4  
  44  4:15  Roach  
  48  4:24  Roach x2  
  49  4:39  Roach x3  
  52  4:54  Roach x3  
Tags
 
Add a new tag
Caveats
  • Supply blocks, unpowered buildings, or Contaminate may cause inaccurate times.
  • Supply counts are checked every 10 seconds.